 Dungeon Crawl Stone Soup version 0.31-a0-705-ga145531891 (webtiles) character file.

Game seed: 5377549244501137518

72 randomguy2701 the Trooper (level 4, -3/41 HPs)
             Began as a Hill Orc Fighter on Sept 9, 2023.
             Slain by Terence
             ... wielding a +2 heavy flail
              (5 damage)
             ... on level 2 of the Dungeon.
             The game lasted 00:00:48 (1055 turns).

randomguy2701 the Trooper (Hill Orc Fighter)        Turns: 1055, Time: 00:00:49

Health: -3/41      AC:  7    Str: 18    XL:     4   Next: 25%
Magic:  4/4        EV:  9    Int:  8    God:
Gold:   91         SH:  4    Dex: 12    Spells: 3/3 levels left

rFire   . . .        a - +0 war axe
rCold   . . .        c - +0 buckler
rNeg    . . .        b - +0 scale mail
rPois   .            (no helmet)
rElec   .            (no cloak)
rCorr   .            (no gloves)
SInv    .            (no boots)
Will    .....        (no amulet) Stlth
                     (no ring)
HPRegen 0.26/turn    (no ring)
MPRegen 0.09/turn

%: no passive effects
@: no status effects
A: no striking features
a: no special abilities


You were on level 2 of the Dungeon.
You visited 1 branch of the dungeon, and saw 2 of its levels.

You collected 91 gold pieces.

Inventory:

Hand Weapons
 a - a +0 war axe (weapon)
Armour
 b - a +0 scale mail (worn)
 c - a +0 buckler (worn)
Scrolls
 g - a scroll of blinking {unknown}
 i - a scroll of immolation {unknown}
 j - a scroll of fear {unknown}
Potions
 d - 2 potions of might
 e - a potion of curing {unknown}
 f - 2 potions of enlightenment {unknown}
 h - a potion of resistance {unknown}


   Skills:
 + Level 4.3 Fighting
 + Level 4.0 Axes
 + Level 3.9 Armour
 + Level 3.7 Shields


You had 3 spell levels left.
You didn't know any spells.
Your spell library was empty.

Dungeon Overview and Level Annotations

Branches:
Dungeon (2/15)

Altars:

Annotations:
D:2 Terence


Message History

Terence is lightly wounded.
Terence hits you with a +2 heavy flail!
You barely miss Terence.
Terence is lightly wounded.
Terence hits you with a +2 heavy flail!
You are too injured to fight recklessly!
You are too injured to fight recklessly!
You are too injured to fight recklessly!
You are too injured to fight recklessly!
You are too injured to fight recklessly!
You are too injured to fight recklessly!
You are too injured to fight recklessly!
You are too injured to fight recklessly!
You are too injured to fight recklessly!
You are too injured to fight recklessly!
You are too injured to fight recklessly!
You are too injured to fight recklessly!
You are too injured to fight recklessly!
Terence is nearby!
Unknown command.
You closely miss Terence.
Terence is lightly wounded.
Terence hits you but does no damage.
You barely miss Terence.
Terence is lightly wounded.
Terence hits you with a +2 heavy flail.
You barely miss Terence.
Terence is lightly wounded.
Terence hits you with a +2 heavy flail!
* * * LOW HITPOINT WARNING * * *
You hit Terence.
Terence is moderately wounded.
Terence hits you with a +2 heavy flail.
* * * LOW HITPOINT WARNING * * *
You hit Terence.
Terence is heavily wounded.
You closely miss Terence.
Terence is heavily wounded.
Terence hits you with a +2 heavy flail.
You die...

#.# #.#
#######.#######
####..............
#..........####..#
#.##.#####.# #..#
>....# #.# #..#
#.#### #.#
#..###.##. #.# #.#
#.@@...... #.# #.#
#.####....
#.########.# #.# #
#.......##.# #.#
##.........# #.#
##.####.#### #.#
...# #.# #)# ####
#.# #.# #.# #.#


You could see Terence.

Vanquished Creatures
  Robin (D:2)
  2 adders (D:2)
  A dart slug (D:2)
  3 endoplasms
  A giant cockroach (D:1)
  8 goblins
  4 hobgoblins
  7 kobolds
  A quokka (D:1)
  5 bats
  5 rats
38 creatures vanquished.

Notes
Turn   | Place    | Note
-------+----------+-------------------------------------------
     0 | D:1      | randomguy2701 the Hill Orc Fighter began the quest for the
                  | Orb.
     0 | D:1      | Reached XP level 1. HP: 19/19 MP: 1/1
   103 | D:1      | Reached XP level 2. HP: 27/27 MP: 2/2
   369 | D:1      | Found a faded altar of an unknown god.
   668 | D:2      | Reached XP level 3. HP: 33/33 MP: 3/3
   742 | D:2      | Noticed Robin
   757 | D:2      | Killed Robin
   758 | D:2      | Reached XP level 4. HP: 30/40 MP: 4/4
  1044 | D:2      | Noticed Terence
  1053 | D:2      | HP: 1/41 [Terence/+2 heavy flail (4)]
  1055 | D:2      | Slain by Terence

Illustrated notes

Levels and vault maps discovered:
D:1:      dpeg_arrival_arbitrary_b, layout_loops_ring,
          dreamdust_ecumenical_altar_statues
D:2:      layout_loops_ring, nicolae_half_adder, uniq_terence, uniq_robin

Skill      XL: |  1  2  3  4 |
---------------+-------------+-----
Fighting       | 4 |  4.3
Axes           | 3 4 |  4.0
Armour         | |  3.9
Shields        | |  3.7

Action                     |  1- 3 |  4- 6 || total
---------------------------+-------+-------++-------
  Melee: War axe           |    68 |    24 ||    92
 Armour: Scale mail        |    53 |    23 ||    76
  Dodge: Dodged            |    37 |     4 ||    41
  Block: Buckler           |    22 |     6 ||    28

Table legend: (Time is in decaauts)
 A = Elapsed time spent in this place.
 B = Non-inter-level travel time spent in this place.
 C = Inter-level travel time spent in this place.
 D = Time resting spent in this place.
 E = Time spent auto-exploring this place.
 F = Levels seen in this place.
 G = Mean time per level.
                   A        B        C        D        E       F      G
               +--------+--------+--------+--------+--------+-----+--------+
         Total |   1088 |   1050 |     38 |      0 |    825 |   2 |  544.0 |
       Dungeon |   1088 |   1050 |     38 |      0 |    825 |   2 |  544.0 |
               +--------+--------+--------+--------+--------+-----+--------+

Top non-repeatable levels by time:
     D:1: 671 daAuts
     D:2: 416 daAuts
